 Dungeon Crawl Stone Soup version 0.29-a0-492-g10b964d8d7 (webtiles) character file.

Game seed: 15514581179326849467

1604 Colgate the Vexing (level 9, -2/42 (51) HPs)
             Began as a Kobold Brigand on May 27, 2022.
             Was an Initiate of Wu Jian.
             Slain by a wight
             ... wielding a +5 long sword
              (9 damage)
             ... on level 7 of the Dungeon.
             The game lasted 00:39:56 (9399 turns).

Colgate the Vexing (Kobold Brigand)                 Turns: 9399, Time: 00:39:57

HP:   -2/42 (51)    AC:  6    Str:  8    XL:     9   Next: 16%
MP:   12/12         EV: 15    Int: 14    God:    Wu Jian [......]
Gold: 363           SH:  0    Dex: 19    Spells: 5/12 levels left

rFire   . . .      SeeInvis .   b - +2 short sword (venom)
rCold   + . .      Faith    .   m - orb {guile}
rNeg    . . .      Spirit   .   w - +0 leather armour {rPois}
rPois   +          Reflect  .   (no helmet)
rElec   .          Harm     .   c - +2 cloak
rCorr   .          Rampage  .   (no gloves)
Will    .....                   (no boots)
Stlth   ++++......              (no amulet)
HPRegen 0.14/turn               y - ring of protection from cold
MPRegen 0.13/turn               (no ring)

@: heavily drained
A: small, no large weapons, nightstalker 3
a: Renounce Religion


You were on level 7 of the Dungeon.
You worshipped Wu Jian.
Wu Jian was noncommittal.
You visited 2 branches of the dungeon, and saw 8 of its levels.

You collected 363 gold pieces.

Inventory:

Hand Weapons
 a - a +2 dagger
 b - a +2 short sword of venom (weapon)
Missiles
 d - 11 poisoned darts
 e - 3 curare-tipped darts
 u - 6 boomerangs
Armour
 c - a +2 cloak (worn)
 m - an orb of guile (worn)
 r - a +0 robe
 w - a +0 leather armour of poison resistance (worn)
Jewellery
 y - a ring of protection from cold (left hand)
Wands
 g - a wand of flame (24)
 s - a wand of iceblast (9) {@v2}
Scrolls
 f - a scroll of poison
 h - a scroll of amnesia {unknown}
 k - 2 scrolls of magic mapping {@r5}
 l - a scroll of immolation
 q - a scroll of teleportation {@r3}
 x - 2 scrolls of fog
 C - a scroll of summoning
 D - a scroll of enchant armour
Potions
 i - a potion of lignification {unknown}
 j - a potion of mutation
 n - a potion of might {@q3}
 o - a potion of heal wounds {@q2}
 p - 2 potions of degeneration
 t - a potion of magic
 v - a potion of flight {unknown}
 z - 3 potions of brilliance
 A - 2 potions of attraction {unknown}
 B - a potion of curing {unknown}


   Skills:
 + Level 3.2 Fighting
 - Level 4.0 Short Blades
 - Level 2.1 Throwing
 - Level 2.9 Dodging
 - Level 5.3 Stealth
 - Level 2.2 Spellcasting
 - Level 6.0 Hexes
 - Level 3.8 Transmutations
 - Level 4.0 Ice Magic
 - Level 3.2 Earth Magic
 - Level 3.7 Evocations


You had 5 spell levels left.
You knew the following spells:

 Your Spells              Type           Power      Damage    Failure   Level
a - Ensorcelled Hibernat  Hex/Ice        30%        N/A       6%          2
b - Passwall              Tmut/Erth      9%         N/A       12%         2
c - Tukima's Dance        Hex            18%        N/A       9%          3

Your spell library contained the following spells:

 Spells                   Type           Power      Damage    Failure   Level
 Frozen Ramparts          Ice            24%        1d4       21%         3
 Sublimation of Blood     Necr           1%         N/A       45%         2
 Ice Form                 Ice/Tmut       12%        N/A       54%         4
 Petrify                  Tmut/Erth      11%        N/A       61%         4
 Swiftness                Air            1%         N/A       71%         3
 Yara's Violent Unravell  Hex/Tmut       7%         3d5       77%         5
 Summon Ice Beast         Ice/Summ       7%         N/A       83%         4
 Passage of Golubria      Tloc           1%         N/A       98%         4
 Irradiate                Conj/Tmut      3%         3d14      99%         5


Dungeon Overview and Level Annotations

Branches:
Dungeon (7/15)             Temple (1/1) D:5

Altars:
Ashenzari
Cheibriados
Dithmenos
Elyvilon
Fedhas
Gozag
Hepliaklqana
Kikubaaqudgha
Makhleb
Nemelex Xobeh
Okawaru
Qazlal
Ru
Sif Muna
Trog
Uskayaw
Vehumet
Wu Jian
Xom
Yredelemnul
Zin
The Shining One


Innate Abilities, Weirdness & Mutations

You are small and have problems with some larger weapons.
You are completely attuned to the shadows.


Message History

Found a dagger.
No target in view!
d - 11 poisoned darts (gained 2) No target in view!
Your killer bee dissolves into shadows!
A wight comes into view. It is wielding a +2 spear.
A wight comes into view. It is wielding a +5 long sword.
Found a bloodstained altar of Trog.
Found a stone staircase leading down.
The wight hits you from afar with a +2 spear!
You feel drained.
The wight hits you from afar with a +2 spear.
You feel drained.
You lunge at the wight, in a flurry of attacks.
You hit the wight but do no damage. You closely miss the wight.
The wight hits you with a +2 spear.
Your +2 short sword of venom begins to drip with poison!
b - a +2 short sword of venom (weapon)
You hit the wight. The wight misses you.
You hit the wight but do no damage. The wight hits you with a +2 spear.
You feel drained.
You hit the wight. The wight closely misses you.
You hit the wight but do no damage. The wight hits you but does no damage.
You hit the wight. The wight misses you.
You hit the wight. You hit the wight but do no damage.
The wight hits you with a +2 spear.
You feel drained.
You hit the wight. The wight misses you.
You closely miss the wight. The wight hits you with a +2 spear.
You hit the wight. The wight closely misses you.
You hit the wight but do no damage.
You hear a distant slurping noise.
The wight hits you with a +2 spear.
You feel drained.
You hit the wight. The wight closely misses you.
You closely miss the wight. The wight misses you.
The wight hits you with a +5 long sword.
You feel drained. The wight hits you with a +5 scimitar!
* * * LOW HITPOINT WARNING * * *
You barely miss the wight. The wight completely misses you.
The wight hits you with a +5 long sword!
You die...

........................
>........_..............
........................
.......⌠................
z............#+#########
...#._.......#
.z.+.........# ..
#..z......# ##+.@#....#
...zz.....# ..........#
..........# ..........#
.........# ######


You could see 3 wights.

Vanquished Creatures
  Sigmund (D:6)
  A water moccasin (D:6)
  An ice beast (D:6)
  2 black bears (D:5)
  2 centaurs
  2 phantoms (D:5)
  3 scorpions
  A howler monkey (D:4)
  A hound (D:6)
  2 jellies
  3 orc priests
  4 iguanas (D:5)
  2 orc wizards
  3 gnolls (D:5)
  7 adders
  A shadow imp (D:6)
  5 white imps
  3 ufetubi
  2 worms
  A dart slug (D:3)
  19 orcs
  5 bats
  5 endoplasms
  4 goblins
  3 hobgoblins
  2 jackals (D:1)
  6 ball pythons
  3 frilled lizards
  2 kobolds (D:4)
  A rat (D:3)
97 creatures vanquished.

Notes
Turn   | Place    | Note
-------+----------+-------------------------------------------
     0 | D:1      | Colgate the Kobold Brigand began the quest for the Orb.
     0 | D:1      | Reached XP level 1. HP: 12/12 MP: 1/1
    18 | D:1      | Found a faded altar of an unknown god.
    22 | D:1      | Prayed at the altar of an unknown god.
    22 | D:1      | Became a worshipper of the Shining One
    22 | D:1      | Reached * piety under the Shining One
   417 | D:1      | Reached XP level 2. HP: 17/17 MP: 2/2
  1019 | D:2      | Fell from the grace of the Shining One
  1345 | D:2      | Reached XP level 3. HP: 22/22 MP: 3/3
  1472 | D:2      | You fall into a shaft and drop 2 floors!
  1676 | D:4      | Reached skill level 1 in Hexes
  1681 | D:4      | Learned a level 2 spell: Ensorcelled Hibernation
  2091 | D:3      | Reached skill level 1 in Ice Magic
  2091 | D:3      | Reached XP level 4. HP: 28/28 MP: 4/4
  2167 | D:3      | Learned a level 2 spell: Passwall
  2264 | D:2      | Reached skill level 1 in Spellcasting
  2799 | D:3      | Reached XP level 5. HP: 16/32 MP: 6/6
  3593 | D:4      | Reached skill level 2 in Hexes
  3616 | D:4      | HP: 1/29 [orc/+1 flail of draining (2)]
  3997 | D:4      | Reached skill level 1 in Transmutations
  3997 | D:4      | Reached XP level 6. HP: 33/37 MP: 7/7
  4573 | D:5      | Entered Level 5 of the Dungeon
  4690 | D:5      | Noticed a black bear
  4695 | D:5      | Killed a black bear
  4696 | D:5      | Reached XP level 7. HP: 41/41 MP: 5/8
  4746 | D:5      | Reached skill level 3 in Hexes
  5744 | D:5      | Reached XP level 8. HP: 3/46 MP: 11/11
  6057 | D:5      | Learned a level 3 spell: Tukima's Dance
  6503 | D:5      | Reached skill level 4 in Hexes
  6636 | D:5      | Found a staircase to the Ecumenical Temple.
  6647 | Temple   | Entered the Ecumenical Temple
  7233 | Temple   | Became a worshipper of the Wu Jian Council
  7455 | D:6      | Reached skill level 5 in Hexes
  7761 | D:6      | Reached skill level 6 in Hexes
  8104 | D:6      | Noticed Sigmund
  8113 | D:6      | Reached skill level 1 in Evocations
  8114 | D:6      | Killed Sigmund
  8115 | D:6      | Reached XP level 9. HP: 43/50 MP: 7/12
  9333 | D:7      | Found an ancient bone altar of Kikubaaqudgha.
  9375 | D:7      | Found a bloodstained altar of Trog.
  9399 | D:7      | Slain by a wight

Illustrated notes

Levels and vault maps discovered:
D:1:      amcnicky_arrival_blooded_trapdoor, layout_loops_ring,
          hellmonk_ecumenical_altar_lost_god
D:2:      layout_basic
D:3:      layout_rooms
D:4:      layout_basic, dreamdust_wishing_well, patterned_corridor
D:5:      layout_basic, minmay_temple_entry_purple_smoke, minmay_diced_spiral
D:6:      layout_basic, uniq_sigmund
D:7:      layout_gridville, grunt_temple_overflow_open
Temple:   mainiacjoe_temple_cubbyholes

Skill      XL: |  1  2  3  4  5  6  7  8  9 |
---------------+----------------------------+-----
Short Blades   | 3 4 |  4.0
Fighting       | 3 |  3.2
Hexes          | 1 2 3 6 |  6.0
Ice Magic      | 1 2 3 4 |  4.0
Spellcasting   | 1 2 |  2.2
Transmutations | 1 3 |  3.8
Earth Magic    | 2 3 |  3.2
Evocations     | 3 |  3.7
Dodging        | 2 |  2.9
Throwing       | |  2.1
Stealth        | |  5.3

Action                   |  1- 3 |  4- 6 |  7- 9 || total
-------------------------+-------+-------+-------++-------
Melee: Dagger            |    72 |    24 |    21 ||   117
       Short sword       |     5 |    24 |    99 ||   128
       Punch             |     1 |       |       ||     1
Throw: Dart              |       |       |     2 ||     2
 Cast: Passwall          |       |     3 |     6 ||     9
       Ensorcelled Hiber |       |     8 |    32 ||    40
Invok: Renounce Religion |     1 |       |       ||     1
       Lunge             |       |       |     7 ||     7
Evoke: Wand              |       |       |     2 ||     2
  Use: Scroll            |     4 |     3 |     7 ||    14
 Stab: Sleeping          |     7 |    22 |    21 ||    50
       Distracted        |       |     1 |       ||     1
Armor: Robe              |    10 |     9 |    18 ||    37
       Leather armour    |       |       |    12 ||    12
Dodge: Dodged            |    46 |    34 |    85 ||   165

Table legend: (Time is in decaauts)
 A = Elapsed time spent in this place.
 B = Non-inter-level travel time spent in this place.
 C = Inter-level travel time spent in this place.
 D = Time resting spent in this place.
 E = Time spent auto-exploring this place.
 F = Levels seen in this place.
 G = Mean time per level.
                   A        B        C        D        E       F      G
               +--------+--------+--------+--------+--------+-----+--------+
         Total |   9342 |   8933 |    409 |    554 |   7162 |   8 | 1167.8 |
       Dungeon |   8712 |   8404 |    308 |    554 |   6680 |   7 | 1244.6 |
        Temple |    629 |    528 |    101 |      0 |    482 |   1 |  629.0 |
               +--------+--------+--------+--------+--------+-----+--------+

Top non-repeatable levels by time:
     D:4: 2503 daAuts
     D:5: 1779 daAuts
     D:6: 1634 daAuts
     D:1: 871 daAuts
     D:3: 826 daAuts
     D:2: 786 daAuts
  Temple: 629 daAuts
     D:7: 309 daAuts
